 Seeded DCSS version 0.29-a0-23-ga79f92ac9c (webtiles) character file.

Game seed: 10000000000011 (custom seed)

17772 knot the Cleaver (level 12, -5/81 HPs)
             Began as a Demonspawn Berserker on Jan 31, 2022.
             Was a Believer of Trog.
             Slain by a black mamba (10 damage)
             ... on level 3 of the Lair of Beasts.
             The game lasted 00:24:52 (21479 turns).

knot the Cleaver (Demonspawn Berserker)            Turns: 21479, Time: 00:24:53

Health: -5/81      AC: 11    Str: 18    XL:     12   Next: 21%
Magic:  0/12       EV:  8    Int: 12    God:    Trog [**....]
Gold:   319        SH:  5    Dex: 14    Spells: 11/11 levels left

rFire   . . .      SeeInvis .   D - +0 battleaxe (vamp)
rCold   + . .      Faith    .   (shield currently unavailable)
rNeg    . . .      Spirit   +   H - +1 chain mail of Urghimes {Fly rPois rC+ Slay-2 Stlth+}
rPois   +          Reflect  +   (no helmet)
rElec   .          Harm     .   G - +1 cloak {Stlth+}
rCorr   .          Rampage  .   (gloves unavailable)
Will    .....                   (no boots)
Stlth   +.........              d - amulet of reflection
HPRegen 0.23/turn               (no ring)
MPRegen 0.26/turn               (no ring)

@: lethally poisoned (-5 -> -36), on berserk cooldown, flying, slowed, very slow
A: powered by death 1, magic shield, magic regeneration, magic link, sturdy
frame 1, demonic touch 3
a: Renounce Religion, Berserk, Trog's Hand


You were on level 3 of the Lair of Beasts.
You worshipped Trog.
Trog was pleased with you.
You visited 2 branches of the dungeon, and saw 12 of its levels.

You collected 659 gold pieces.
You spent 340 gold pieces at shops.

Inventory:

Hand Weapons
 a - a +0 hand axe
 h - a +3 scimitar of flaming
 D - a +0 vampiric battleaxe (weapon)
Missiles
 f - 260 stones (quivered)
 l - 6 poisoned darts
 y - 22 sling bullets
 z - a curare-tipped dart
 C - a throwing net
Armour
 A - the +3 hat of Pondering {ponderous, Will+ MP+10 Int+5}
   (You found it on level 8 of the Dungeon)

   Int:       It affects your intelligence (+5).
   MP:        It affects your magic capacity (+10).
   Will:      It increases your willpower.
 G - a +1 cloak of stealth (worn)
 H - the +1 chain mail of Urghimes (worn) {Fly rPois rC+ Slay-2 Stlth+}
   (You bought it in a shop on level 3 of the Dungeon)

   Slay:      It affects your accuracy & damage with ranged weapons and melee
   (-2).
   rC:        It protects you from cold.
   rPois:     It protects you from poison.
   Fly:       It grants you flight.
   Stlth:     It makes you more stealthy.
Jewellery
 c - a ring of resist corrosion
 d - an amulet of reflection (around neck)
 u - a ring of willpower
Wands
 o - a wand of polymorph (12)
 q - a wand of flame (14)
 r - a wand of charming (5)
 v - a wand of iceblast (12)
Scrolls
 b - 2 scrolls of identify
 g - a scroll of summoning
 j - a scroll of magic mapping
 m - a scroll of blinking
Potions
 e - 3 potions of curing
 w - a potion of resistance
 x - a potion of berserk rage
 B - a potion of attraction


   Skills:
 - Level 3.0 Fighting
 * Level 14.0 Axes
 * Level 12.3 Throwing
 - Level 1.7 Armour
 - Level 1.7 Dodging


You had 11 spell levels left.
You didn't know any spells.
Your spell library contained the following spells:

 Spells                   Type           Power      Damage    Failure   Level
 Pain                     Necr           0%         1d4       94%         1
 Sandblast                Erth           0%         2d4       94%         1
 Corpse Rot               Necr/Air       0%         N/A       98%         2
 Ensorcelled Hibernation  Hex/Ice        0%         N/A       98%         2
 Passwall                 Tmut/Erth      0%         N/A       98%         2
 Poisonous Vapours        Pois/Air       0%         N/A       98%         2
 Ozocubu's Armour         Ice            0%         N/A       100%        3
 Stone Arrow              Conj/Erth      0%         3d7       100%        3
 Summon Guardian Golem    Hex/Summ       0%         N/A       100%        3
 Swiftness                Air            0%         N/A       100%        3
 Tukima's Dance           Hex            0%         N/A       100%        3
 Anguish                  Hex/Necr       0%         N/A       100%        4
 Agony                    Necr           0%         N/A       100%        5
 Excruciating Wounds      Necr           0%         N/A       100%        5
 Metabolic Englaciation   Hex/Ice        0%         N/A       100%        5
 Simulacrum               Ice/Necr       0%         N/A       100%        6
 Enfeeble                 Hex            0%         N/A       100%        7
 Orb of Destruction       Conj           0%         9d5       100%        7
 Spellforged Servitor     Conj/Summ      0%         N/A       100%        7


Dungeon Overview and Level Annotations

Branches:
Dungeon (9/15)             Temple (0/1) D:4            Lair (3/6) D:9
  Swamp (0/4) Lair:2
  Snake: Lair:2-4    Spider: Lair:2-4       Orc: D:9-12

Altars:
Elyvilon
Nemelex Xobeh
Okawaru
Ru
Uskayaw
Xom

Shops:
D:3 [   D:8 :


Innate Abilities, Weirdness & Mutations

You regenerate a little health from kills.
When hurt, damage is shared between your health and your magic reserves.
You regenerate magic rapidly.
When low on magic, you restore magic in place of health.
Your movements are slightly less encumbered by armour. (ER -2)
Your touch may irresistibly damage your foes and sap their willpower.


Message History

You miss the wolf. You block the black mamba's attack.
The wolf closely misses you.
You barely miss the black mamba.
The black mamba is almost dead.
You barely miss the wolf.
You are no longer berserk.
You are exhausted.
You feel yourself slow down. The black mamba bites you! The wolf bites you.
The black mamba bites you.
You miss the black mamba.
The black mamba is almost dead.
You miss the wolf. The wolf bites you! The black mamba bites you.
You are poisoned.
The black mamba poisons you! The wolf bites you. The black mamba bites you!
The wolf closely misses you.
Unknown command.
You closely miss the black mamba.
The black mamba is almost dead.
You slash the wolf!
You feel better.
You kill the wolf!
Trog accepts your kill.
You feel extremely sick. The black mamba barely misses you.
The black mamba bites you! The black mamba bites you.
You closely miss the black mamba.
The black mamba is almost dead.
You feel very sick.
The black mamba bites you but does no damage.
The black mamba completely misses you. The black mamba closely misses you.
Unknown command.
You completely miss the black mamba.
The black mamba is almost dead.
You feel very sick. The black mamba bites you.
* * * LOW HITPOINT WARNING * * *
The black mamba bites you!
* * * LOW HITPOINT WARNING * * *
You are more poisoned.
The black mamba poisons you! The black mamba bites you!
You die...

...........#.
............# ###.
............# #.#.#.
............######.....#
.......................#
........................
.....<..................
................†.......
................@†.!....
##......)........S......
#......................
###.P..................
###.................#
####..............#
#...†..........#
#...............##
###............


You could see a black mamba.

Vanquished Creatures
  2 hydras
  Harold (D:8)
  Erica (D:8)
  A two-headed ogre (D:8)
  The ghost of Econoterrorist the Destroyer, a novice DgCj (D:8)
  A black mamba (Lair:1)
  Joseph (D:7)
  6 cane toads
  A komodo dragon (Lair:1)
  A kobold demonologist (D:5)
  9 blink frogs
  Prince Ribbit (D:8)
  4 dream sheep (Lair:1)
  14 yaks
  2 basilisks
  An acid dragon (D:9)
  6 water moccasins
  3 orc warriors
  A black bear (D:5)
  A necrophage (D:6)
  2 boggarts
  An ice beast (D:7)
  4 ogres
  19 wolves
  A centaur (D:8)
  A phantom (D:6)
  A kobold brigand (D:7)
  6 bullfrogs
  6 scorpions
  2 wyvern zombies (D:7)
  A wyvern skeleton (D:7)
  8 killer bees
  9 wights
  3 howler monkeys (D:9)
  2 centaur zombies
  3 orc priests
  3 hounds
  2 jellies
  2 bullfrog skeletons
  3 centaur skeletons
  Ijyb (D:4)
  4 orc wizards
  A scorpion zombie (D:5)
  7 adders
  A shadow imp (D:7)
  A white imp (D:5)
  A worm (Lair:1)
  20 orcs
  7 bats
  6 endoplasms
  2 giant cockroaches
  5 goblins
  5 hobgoblins
  14 jackals
  A quokka (D:4)
  4 ball pythons
  5 frilled lizards
  7 kobolds
  5 rats
234 creatures vanquished.

Vanquished Creatures (collateral kills)
  3 yaks (Lair:2)
  2 wolves (Lair:2)
5 creatures vanquished.

Vanquished Creatures (others)
  22 fungi
  19 plants
41 creatures vanquished.

Grand Total: 280 creatures vanquished

Notes
Turn   | Place    | Note
-------+----------+-------------------------------------------
     0 | D:1      | knot the Demonspawn Berserker began the quest for the Orb.
     0 | D:1      | Reached XP level 1. HP: 18/18 MP: 1/1
    57 | D:1      | Reached skill level 3 in Axes
   123 | D:1      | Gained mutation: You regenerate magic rapidly. [demonic
                  | ancestry]
   123 | D:1      | Reached XP level 2. HP: 22/24 MP: 2/2
  1202 | D:2      | Reached skill level 4 in Axes
  1202 | D:2      | Gained mutation: Your touch may inflict minor irresistible
                  | damage on your foes. [demonic ancestry]
  1202 | D:2      | Reached XP level 3. HP: 17/29 MP: 3/3
  1480 | D:2      | Reached ** piety under Trog
  1837 | D:2      | Reached XP level 4. HP: 22/35 MP: 4/4
  2375 | D:3      | Noticed an ogre
  2385 | D:3      | Killed an ogre
  2386 | D:3      | Reached skill level 5 in Axes
  2386 | D:3      | Reached XP level 5. HP: 41/41 MP: 5/5
  2546 | D:3      | Found Daocsar's Antique Armour Emporium.
  3145 | D:4      | Found a staircase to the Ecumenical Temple.
  3223 | D:4      | Noticed Duvessa
  3241 | D:4      | Noticed Duvessa
  3241 | D:4      | Duvessa changed into Duvessa the wolf
  3258 | D:4      | Killed Duvessa the wolf
  3259 | D:4      | Reached skill level 6 in Axes
  3259 | D:4      | Gained mutation: Your touch may inflict irresistible damage
                  | on your foes. [demonic ancestry]
  3259 | D:4      | Reached XP level 6. HP: 47/47 MP: 6/6
  3325 | D:4      | Noticed Dowan
  3425 | D:4      | Noticed Dowan
  3425 | D:4      | Dowan changed into Dowan the boggart
  3429 | D:4      | Killed Dowan the boggart
  3731 | D:4      | Noticed Ijyb
  3748 | D:4      | Killed Ijyb
  3858 | D:4      | Reached skill level 7 in Axes
  3858 | D:4      | Reached skill level 1 in Throwing
  4132 | D:5      | Entered Level 5 of the Dungeon
  4141 | D:5      | Noticed a kobold demonologist
  4147 | D:5      | Killed a kobold demonologist
  4148 | D:5      | Gained mutation: When hurt, damage is shared between your
                  | health and your magic reserves. [demonic ancestry]
  4148 | D:5      | Reached XP level 7. HP: 52/52 MP: 7/7
  4715 | D:5      | Reached skill level 8 in Axes
  4715 | D:5      | Gained mutation: You regenerate a little health from kills.
                  | [demonic ancestry]
  4715 | D:5      | Reached XP level 8. HP: 41/58 MP: 5/8
  5055 | D:5      | Found a hide-covered altar of Uskayaw.
  6061 | D:6      | Reached skill level 5 in Throwing
  6356 | D:6      | Reached skill level 9 in Axes
  7037 | D:6      | Found an iron altar of Okawaru.
  7410 | D:7      | Found a sacrificial altar of Ru.
  7698 | D:7      | Gained mutation: Your touch may irresistibly damage your
                  | foes and sap their willpower. [demonic ancestry]
  7698 | D:7      | Reached XP level 9. HP: 42/63 MP: 5/9
  8420 | D:6      | Found a sparkling altar of Nemelex Xobeh.
  8420 | D:6      | Found a shimmering altar of Xom.
  9267 | D:7      | Noticed Joseph
  9285 | D:7      | Killed Joseph
  9286 | D:7      | Reached skill level 10 in Axes
  9594 | D:8      | Noticed Harold
  9609 | D:8      | Killed Harold
  9848 | D:8      | Noticed a two-headed ogre
  9868 | D:8      | Killed a two-headed ogre
  9869 | D:8      | Reached XP level 10. HP: 66/70 MP: 6/10
 10072 | D:8      | Found the +3 hat of Pondering {ponderous, Will+ MP+10
                  | Int+5}
 10733 | D:8      | Reached skill level 11 in Axes
 11075 | D:8      | Found Yhyquem's Self-Improvement Boutique.
 11085 | D:8      | You fall into a shaft and drop 1 floor!
 11709 | D:8      | Noticed Prince Ribbit
 11730 | D:8      | Killed Prince Ribbit
 12218 | D:8      | Noticed Erica
 12234 | D:8      | Killed Erica
 12342 | D:8      | Found a large runed translucent door.
 12342 | D:8      | Found a large runed translucent door.
 12350 | D:8      | Noticed Econoterrorist's ghost (novice DgCj)
 12517 | D:8      | Killed Econoterrorist's ghost
 12824 | D:9      | Reached skill level 12 in Axes
 13486 | D:9      | Found a staircase to the Lair.
 13494 | D:9      | Reached skill level 10 in Throwing
 13705 | D:3      | Bought a runed cloak for 150 gold pieces
 13705 | D:3      | Bought an ichor-stained chain mail for 190 gold pieces
 13705 | D:3      | Identified the +1 chain mail of Urghimes {Fly rPois rC+
                  | Slay-2 Stlth+} (You bought it in a shop on level 3 of the
                  | Dungeon)
 13874 | Lair:1   | Entered Level 1 of the Lair of Beasts
 13884 | Lair:1   | Noticed a black mamba
 13897 | Lair:1   | Killed a black mamba
 13898 | Lair:1   | Gained mutation: Your movements are slightly less
                  | encumbered by armour. (ER -2) [demonic ancestry]
 13898 | Lair:1   | Reached XP level 11. HP: 67/75 MP: 11/11
 14717 | Lair:1   | Noticed a five-headed hydra
 16549 | Lair:1   | Noticed Maggie
 16555 | Lair:1   | Noticed Maggie
 16555 | Lair:1   | Maggie changed into Maggie the worm
 16562 | Lair:1   | Killed Maggie the worm
 17102 | Lair:1   | Killed a three-headed hydra
 17103 | Lair:1   | Reached skill level 13 in Axes
 18525 | Lair:2   | Noticed a six-headed hydra
 19106 | Lair:2   | HP: 1/75 [blink frog (10)]
 19969 | Lair:1   | HP: 4/112 [blink frog (7)]
 19996 | Lair:1   | Gained mutation: When low on magic, you restore magic in
                  | place of health. [demonic ancestry]
 19996 | Lair:1   | Reached XP level 12. HP: 29/81 MP: 6/12
 20306 | Lair:2   | Killed a one-headed hydra
 20725 | Lair:2   | Found a staircase to the Swamp.
 21413 | Lair:3   | Reached skill level 14 in Axes
 21479 | Lair:3   | Slain by a black mamba

Illustrated notes

Levels and vault maps discovered:
D:1:      lordsloth_arrival_two_stooges, layout_basic, grunt_decor_fettered,
          minmay_misc_feat_diagonals, nicolae_concentric_dashed_squares_wild
D:2:      layout_rooms, hangedman_decor_clover_reticule
D:3:      layout_basic, serial_shops, shop, kennysheep_path_1
D:4:      layout_rooms, temple_doors_e, uniq_duvessa, uniq_ijyb
D:5:      layout_loops_cross, nicolae_uskayaw_suspiria, item_on_display_a
D:6:      layout_rooms, nicolae_overflow_hidden_temple, grunt_ministairs_6
D:7:      layout_loops_ring, nicolae_ru_awakened_eye, palyth_stone_intersect,
          minmay_misc_feat_alley, minivault_27, uniq_joseph
D:8:      layout_loops_ring, ebering_ghost_disaster_area,
          nicolae_shop_self_help, uniq_harold, uniq_erica, uniq_prince_ribbit1
D:9:      layout_grid_maze, grunt_lair_entry_orc_guard_hut
Lair:1:   layout_small_grid, minivault_27, grunt_forest_small_clearing_treed,
          uniq_maggie
Lair:2:   layout_cave_pods, swamp_mist_pool
Lair:3:   layout_cave_pods, dummy_spider_entry, gammafunk_ghost_cemetery,
          beast_lair_carwin_4, uniq_snorg

Skill      XL: |  1  2  3  4  5  6  7  8  9 10 11 12 |
---------------+-------------------------------------+-----
Axes           | 3 4 5 6 7 8 9 10 12 13 14 | 14.0
Throwing       | 2 3 6 8 10 12 | 12.3
Fighting       | |  3.0
Armour         | |  1.7
Dodging        | |  1.7

Action                   |  1- 3 |  4- 6 |  7- 9 | 10-12 || total
-------------------------+-------+-------+-------+-------++-------
Melee: Hand axe          |   122 |    90 |   213 |    15 ||   440
       Punch             |     2 |     3 |     4 |       ||     9
       Touch             |     3 |    12 |    45 |     9 ||    69
       Battleaxe         |       |       |       |   459 ||   459
       Scimitar          |       |       |       |    12 ||    12
Throw: Boomerang         |       |     3 |    12 |   104 ||   119
       Dart              |       |       |     2 |    23 ||    25
       Stone             |       |       |       |    13 ||    13
       Throwing net      |       |       |       |     1 ||     1
Invok: Berserk           |     3 |     6 |    17 |    28 ||    54
       Trog's Hand       |       |       |     1 |     4 ||     5
Evoke: Wand              |       |     3 |    16 |     8 ||    27
  Use: Potion            |       |       |       |    13 ||    13
       Scroll            |       |       |       |    21 ||    21
 Stab: Invisible         |       |       |       |     1 ||     1
       Paralysed         |       |       |       |     1 ||     1
Armor: Animal skin       |    20 |    15 |    18 |     8 ||    61
       Chain mail        |       |       |       |   207 ||   207
       Skin              |       |       |       |    17 ||    17
Dodge: Dodged            |    83 |    62 |    91 |   238 ||   474
Block: Other             |    19 |    20 |    47 |   153 ||   239
       Reflection        |       |       |     1 |       ||     1

Table legend: (Time is in decaauts)
 A = Elapsed time spent in this place.
 B = Non-inter-level travel time spent in this place.
 C = Inter-level travel time spent in this place.
 D = Time resting spent in this place.
 E = Time spent auto-exploring this place.
 F = Levels seen in this place.
 G = Mean time per level.
                   A        B        C        D        E       F      G
               +--------+--------+--------+--------+--------+-----+--------+
         Total |  21974 |  21250 |    724 |  12452 |   6405 |  12 | 1831.2 |
       Dungeon |  15817 |  15192 |    625 |   8742 |   4933 |   9 | 1757.4 |
          Lair |   6157 |   6059 |     98 |   3709 |   1472 |   3 | 2052.3 |
               +--------+--------+--------+--------+--------+-----+--------+

Top non-repeatable levels by time:
  Lair:1: 4148 daAuts
     D:8: 3234 daAuts
     D:9: 2472 daAuts
     D:6: 2028 daAuts
     D:7: 2012 daAuts
  Lair:2: 1932 daAuts
     D:5: 1735 daAuts
     D:4: 1201 daAuts
     D:1: 1201 daAuts
     D:2: 1110 daAuts
     D:3: 819 daAuts
  Lair:3: 76 daAuts
